 Dungeon Crawl Stone Soup version 0.26.0-15-gc6cd9f700b (webtiles) character file.

Game seed: 3798181895789518831

137 EnegeticOcto the Chiller (level 5, -5/37 HPs)
             Began as a Gnoll Ice Elementalist on Jan 16, 2021.
             Was an Initiate of Cheibriados.
             Slain by a phantom (6 damage)
             ... on level 6 of the Dungeon.
             The game lasted 00:03:13 (418 turns).

EnegeticOcto the Chiller (Gnoll Ice Elementalist)    Turns: 418, Time: 00:03:14

Health: -5/37      AC:  9    Str: 12    XL:     5   Next: 20%
Magic:  9/12       EV: 15    Int: 19    God:    Cheibriados [......]
Gold:   71         SH:  0    Dex: 16    Spells: 7/14 levels left

rFire    . . .     SeeInvis .   i - +1 flail (holy)
rCold    . . .     Faith    .   (no shield)
rNeg     . . .     Spirit   .   a - +0 robe
rPois    .         Reflect  .   (no helmet)
rElec    .         Harm     .   (no cloak)
rCorr    .         Rampage  .   (no gloves)
Will     .....                  (no boots)
Stlth    +++.......             (no amulet)
HPRegen  0.12/turn              (no ring)
MPRegen  0.13/turn              (no ring)

@: icy armour, very slow
A: distributed training, fangs 1, strong nose
a: Renounce Religion, Bend Time


You were on level 6 of the Dungeon.
You worshipped Cheibriados.
Cheibriados was noncommittal.
You visited 2 branches of the dungeon, and saw 7 of its levels.

You collected 71 gold pieces.

Inventory:

Hand Weapons
 b - a +2 dagger of venom
   (You took it off a goblin on level 2 of the Dungeon)
 h - a +0 vorpal hand axe
   (You found it on level 4 of the Dungeon)
 i - a +1 flail of holy wrath (weapon)
   (You took it off an orc on level 6 of the Dungeon)
Missiles
 c - 4 boomerangs (quivered)
Armour
 a - a +0 robe (worn)
Jewellery
 d - an uncursed ring of fire
   (You found it on level 2 of the Dungeon)
Scrolls
 e - 2 scrolls of remove curse {@r2}
 g - a scroll of identify {@r1}


   Skills:
 + Level 1.4 Fighting
 + Level 1.4 Short Blades
 + Level 1.4 Long Blades
 + Level 1.4 Axes
 + Level 1.4 Maces & Flails
 + Level 1.4 Polearms
 + Level 1.4 Staves
 + Level 1.4 Slings
 + Level 1.4 Bows
 + Level 1.4 Crossbows
 + Level 1.4 Throwing
 + Level 1.4 Armour
 + Level 4.7 Dodging
 + Level 4.3 Stealth
 + Level 1.4 Shields
 + Level 1.4 Unarmed Combat
 + Level 5.1 Spellcasting
 + Level 1.1 Conjurations
 + Level 1.1 Hexes
 + Level 1.1 Summonings
 + Level 1.1 Necromancy
 + Level 1.1 Translocations
 + Level 1.1 Transmutations
 + Level 1.1 Fire Magic
 + Level 7.2 Ice Magic
 + Level 1.1 Air Magic
 + Level 1.1 Earth Magic
 + Level 1.1 Poison Magic
 + Level 1.5 Invocations
 + Level 1.4 Evocations


You had 7 spell levels left.
You knew the following spells:

 Your Spells              Type           Power        Failure   Level
a - Freeze                Ice            100%         1%          1
b - Frozen Ramparts       Ice            64%          1%          3
c - Ozocubu's Armour      Ice            32%          1%          3

Your spell library contained the following spells:

 Spells                   Type           Power        Failure   Level
 Hailstorm                Conj/Ice       20%          22%         4
 Summon Ice Beast         Ice/Summ       20%          22%         4


Dungeon Overview and Level Annotations

Branches:
Dungeon (6/15)             Temple (1/1) D:6

Altars:
Cheibriados
Dithmenos
Fedhas
Gozag
Hepliaklqana
Kikubaaqudgha
Nemelex Xobeh
Okawaru
Qazlal
Sif Muna
Trog
Vehumet
Wu Jian
Xom
Yredelemnul
Zin


Innate Abilities, Weirdness & Mutations

Your experience applies equally to all skills.
You have very sharp teeth.
Your uncanny sense of smell can sniff out nearby items.


Message History

You bite the ice beast, but do no damage.
You closely miss the phantom.
The ice beast hits you but does no damage.
The phantom hits you.
The ice beast hits you but does no damage.
Your +2 dagger of venom begins to drip with poison!
b - a +2 dagger of venom (weapon)
You hit the ice beast.
You bite the ice beast, but do no damage.
The ice beast is lightly wounded.
The phantom misses you. The ice beast misses you.
You hit the ice beast.
The ice beast is lightly wounded.
The phantom barely misses you.
The ice beast hits you but does no damage.
You hit the ice beast but do no damage.
The ice beast is lightly wounded.
The phantom blinks!
The ice beast closely misses you.
You hit the ice beast but do no damage.
You bite the ice beast, but do no damage.
The ice beast is lightly wounded.
The ice beast barely misses you.
You hit the ice beast.
The ice beast is moderately wounded.
The phantom blinks!
The ice beast hits you but does no damage.
You closely miss the ice beast.
The ice beast is moderately wounded.
The ice beast hits you. The ice beast freezes you!
You barely miss the ice beast.
The ice beast is moderately wounded.
The ice beast hits you but does no damage.
You closely miss the ice beast.
The ice beast is moderately wounded.
The ice beast hits you but does no damage.
You hit the ice beast. Your bite misses the ice beast.
The ice beast is moderately wounded.
The ice beast hits you but does no damage.
You hit the ice beast but do no damage.
The ice beast is moderately wounded.
The ice beast hits you but does no damage.
You hit the ice beast.
The ice beast is moderately wounded.
You hit the ice beast.
The ice beast is heavily wounded.
The ice beast hits you. The ice beast freezes you!
* * * LOW HITPOINT WARNING * * *
You barely miss the ice beast.
The ice beast is heavily wounded.
The ice beast closely misses you. The phantom barely misses you.
You hit the ice beast.
The ice beast is heavily wounded.
The ice beast completely misses you. The phantom hits you.
* * * LOW HITPOINT WARNING * * *
Okay, then.
You hit the ice beast.
The ice beast is severely wounded.
The ice beast misses you.
The phantom blinks!
You hit the ice beast. Your bite misses the ice beast.
The ice beast is severely wounded.
The ice beast hits you but does no damage.
You hit the ice beast.
The ice beast is poisoned.
The ice beast is almost dead.
The ice beast hits you but does no damage.
You closely miss the ice beast.
The ice beast is almost dead.
The ice beast hits you but does no damage.
You hit the ice beast but do no damage.
The ice beast looks as sick as possible!
The ice beast is severely wounded.
The ice beast hits you but does no damage.
You hit the ice beast but do no damage.
The ice beast looks as sick as possible!
The ice beast is almost dead.
You kill the ice beast!
Cheibriados appreciates the change of pace.
Your Conjurations skill increases to level 1!
Your Hexes skill increases to level 1!
Your Summonings skill increases to level 1!
Your Necromancy skill increases to level 1!
Your Translocations skill increases to level 1!
Your Transmutations skill increases to level 1!
Your Fire Magic skill increases to level 1!
Your Air Magic skill increases to level 1!
Your Earth Magic skill increases to level 1!
Your Poison Magic skill increases to level 1!
You have reached level 4!
You feel stronger.
You have reached level 5!
You miss the phantom. The phantom hits you.
* * * LOW HITPOINT WARNING * * *
Your icy armour will break if you move.
Continue?
Okay, then.
You aren't carrying any potions.
Unknown command.
Your +2 dagger of venom stops dripping with poison.
Your +1 flail of holy wrath softly glows with a divine radiance!
i - a +1 flail of holy wrath (weapon)
The phantom hits you.
You die...

.. ## #. ##.... . .
..#.# #.. .. ###.#
.... ...###...##....
..#.....W..#....#.
....##..@..##.....
.....#........#...
....##...###.....
.... #.###..........
.....#.#.......[....
.............^.......
.......#....###......
.........#...##..W...
#.##....###..#.......


You could see a phantom.

Vanquished Creatures
  An ice beast (D:6)
  2 adders (D:2)
  2 worms (D:2)
  2 dart slugs (D:2)
  2 leopard geckos (D:2)
  An orc (D:6)
  A giant cockroach (D:2)
  3 goblins
  2 hobgoblins (D:2)
  A quokka (D:2)
  4 frilled lizards
  A rat (D:2)
22 creatures vanquished.

Notes
Turn   | Place    | Note
-------+----------+-------------------------------------------
     0 | D:1      | EnegeticOcto the Gnoll Ice Elementalist began the quest for
                  | the Orb.
     0 | D:1      | Reached XP level 1. HP: 13/13 MP: 6/6
    31 | D:2      | Reached XP level 2. HP: 11/19 MP: 0/7
   145 | D:2      | Reached skill level 5 in Spellcasting
   145 | D:2      | Reached XP level 3. HP: 8/25 MP: 4/9
   150 | D:2      | Learned a level 3 spell: Frozen Ramparts
   154 | D:2      | Learned a level 3 spell: Ozocubu's Armour
   210 | D:2      | Reached skill level 1 in Invocations
   279 | D:5      | Entered Level 5 of the Dungeon
   285 | D:5      | Noticed an ice beast
   301 | D:6      | Reached skill level 1 in Fighting
   301 | D:6      | Reached skill level 1 in Short Blades
   301 | D:6      | Reached skill level 1 in Long Blades
   301 | D:6      | Reached skill level 1 in Axes
   301 | D:6      | Reached skill level 1 in Maces & Flails
   301 | D:6      | Reached skill level 1 in Polearms
   301 | D:6      | Reached skill level 1 in Staves
   301 | D:6      | Reached skill level 1 in Slings
   301 | D:6      | Reached skill level 1 in Bows
   301 | D:6      | Reached skill level 1 in Crossbows
   301 | D:6      | Reached skill level 1 in Throwing
   301 | D:6      | Reached skill level 1 in Armour
   301 | D:6      | Reached skill level 1 in Shields
   301 | D:6      | Reached skill level 1 in Unarmed Combat
   301 | D:6      | Reached skill level 1 in Evocations
   305 | D:6      | Noticed a phantom
   309 | D:6      | Found a staircase to the Ecumenical Temple.
   310 | D:6      | Noticed a bullfrog
   314 | D:6      | Noticed an ice beast
   319 | Temple   | Entered the Ecumenical Temple
   362 | Temple   | Became a worshipper of Cheibriados the Contemplative
   416 | D:6      | Killed an ice beast
   417 | D:6      | Reached skill level 1 in Conjurations
   417 | D:6      | Reached skill level 1 in Hexes
   417 | D:6      | Reached skill level 1 in Summonings
   417 | D:6      | Reached skill level 1 in Necromancy
   417 | D:6      | Reached skill level 1 in Translocations
   417 | D:6      | Reached skill level 1 in Transmutations
   417 | D:6      | Reached skill level 1 in Fire Magic
   417 | D:6      | Reached skill level 1 in Air Magic
   417 | D:6      | Reached skill level 1 in Earth Magic
   417 | D:6      | Reached skill level 1 in Poison Magic
   417 | D:6      | Reached XP level 4. HP: 3/32 MP: 9/11
   417 | D:6      | Reached XP level 5. HP: 3/37 MP: 9/12
   417 | D:6      | HP: 1/37 [phantom (3)]
   418 | D:6      | Slain by a phantom

Illustrated notes

Levels and vault maps discovered:
D:1:      giann_bridges, layout_basic, st_stairs_6, bh_walls_and_bars
D:2:      layout_rooms, chequers_ecumenical_altar_simple_redux,
          minmay_rat_gold_closets
D:3:      layout_loops_ring
D:4:      layout_gridville, elyvilon_altar_1, hangedman_decor_lopped
D:5:      layout_loops_ring, serial_shops, shop, shop, kennysheep_mini_moat,
          shop, nicolae_shop_stone, lemuel_tele_altar, uniq_menkaure
D:6:      layout_cave_pools, lemuel_crystal_altar, minmay_temple_entry_slanted,
          ebering_ghost_xom
Temple:   compressed_dpeg_circular_temple

Skill      XL: |  1  2  3 |
---------------+----------+-----
Spellcasting   | 5 |  5.1
Invocations    | 1 |  1.5
Fighting       | 1 |  1.4
Short Blades   | 1 |  1.4
Long Blades    | 1 |  1.4
Axes           | 1 |  1.4
Maces & Flails | 1 |  1.4
Polearms       | 1 |  1.4
Staves         | 1 |  1.4
Slings         | 1 |  1.4
Bows           | 1 |  1.4
Crossbows      | 1 |  1.4
Throwing       | 1 |  1.4
Armour         | 1 |  1.4
Shields        | 1 |  1.4
Unarmed Combat | 1 |  1.4
Evocations     | 1 |  1.4
Conjurations   | 1 |  1.1
Hexes          | 1 |  1.1
Summonings     | 1 |  1.1
Necromancy     | 1 |  1.1
Translocations | 1 |  1.1
Transmutations | 1 |  1.1
Fire Magic     | 1 |  1.1
Air Magic      | 1 |  1.1
Earth Magic    | 1 |  1.1
Poison Magic   | 1 |  1.1
Dodging        | |  4.7
Stealth        | |  4.3
Ice Magic      | |  7.2

Action                   |  1- 3 |  4- 6 || total
-------------------------+-------+-------++-------
Melee: Dagger            |    33 |     1 ||    34
       Bite              |     4 |       ||     4
       Hand axe          |     2 |       ||     2
Throw: Boomerang         |    23 |       ||    23
 Cast: Freeze            |    22 |       ||    22
       Ozocubu's Armour  |     1 |       ||     1
  Use: Scroll            |     3 |       ||     3
 Stab: Sleeping          |     1 |       ||     1
Armor: Robe              |    16 |       ||    16
Dodge: Dodged            |    32 |       ||    32
